 Dungeon Crawl Stone Soup version 0.29-a0-817-g9904bce7a6 (console) character file.

Game seed: 4105672587456386008

165 om the Chiller (level 5, -3/37 HPs)
             Began as a Gnoll Ice Elementalist on July 5, 2022.
             Engulfed by a cloud of flame (21 damage)
             ... on level 3 of the Dungeon.
             The game lasted 00:10:18 (3469 turns).

om the Chiller (Gnoll Ice Elementalist)             Turns: 3469, Time: 00:10:19

Health: -3/37      AC:  2    Str:  7    XL:     5   Next: 46%
Magic:  12/12      EV: 14    Int: 14    God:
Gold:   162        SH:  0    Dex: 15    Spells: 7/14 levels left

rFire   . . .      SeeInvis .   j - +4 dagger
rCold   . . .      Faith    .   (no shield)
rNeg    . . .      Spirit   .   a - +0 robe
rPois   .          Reflect  .   (no helmet)
rElec   .          Harm     .   (no cloak)
rCorr   .          Rampage  .   (no gloves)
Will    .....                   (no boots)
Stlth   +++.......              (no amulet)
HPRegen 0.12/turn               (no ring)
MPRegen 0.13/turn               (no ring)

@: no status effects
A: fangs 1, strong nose, distributed training
a: no special abilities


You were on level 3 of the Dungeon.
You visited 1 branch of the dungeon, and saw 3 of its levels.

You collected 162 gold pieces.

Inventory:

Hand Weapons
 j - a +4 dagger (weapon)
Missiles
 r - a throwing net
Armour
 a - a +0 robe (worn)
Jewellery
 p - a ring of protection from cold
Scrolls
 c - 3 scrolls of teleportation
 d - a scroll of torment {unknown}
 e - 2 scrolls of vulnerability {unknown}
 f - a scroll of enchant armour {unknown}
 g - a scroll of blinking {unknown}
 i - a scroll of identify {unknown}
 l - a scroll of brand weapon {unknown}
 n - a scroll of silence {unknown}
 o - a scroll of amnesia {unknown}
Potions
 b - a potion of magic
 h - a potion of degeneration {unknown}
 k - a potion of brilliance {unknown}
 m - a potion of mutation {unknown}
 q - a potion of curing {unknown}


   Skills:
 + Level 1.6 Fighting
 + Level 1.6 Short Blades
 + Level 1.6 Long Blades
 + Level 1.6 Axes
 + Level 1.6 Maces & Flails
 + Level 1.6 Polearms
 + Level 1.6 Staves
 + Level 1.6 Ranged Weapons
 + Level 1.6 Throwing
 + Level 1.6 Armour
 + Level 4.8 Dodging
 + Level 4.4 Stealth
 + Level 1.6 Shields
 + Level 1.6 Unarmed Combat
 + Level 5.2 Spellcasting
 + Level 1.2 Conjurations
 + Level 1.2 Hexes
 + Level 1.2 Summonings
 + Level 1.2 Necromancy
 + Level 1.2 Translocations
 + Level 1.2 Transmutations
 + Level 1.2 Fire Magic
 + Level 7.2 Ice Magic
 + Level 1.2 Air Magic
 + Level 1.2 Earth Magic
 + Level 1.2 Poison Magic
 + Level 1.8 Invocations
 + Level 1.6 Evocations


You had 7 spell levels left.
You knew the following spells:

 Your Spells              Type           Power      Damage    Failure   Level
a - Freeze                Ice            92%        1d10      1%          1
b - Frozen Ramparts       Ice            46%        1d6       2%          3
c - Ozocubu's Armour      Ice            23%        N/A       2%          3

Your spell library contained the following spells:

 Spells                   Type           Power      Damage    Failure   Level
 Summon Small Mammal      Summ           28%        N/A       10%         1
 Blink                    Tloc           14%        N/A       16%         2
 Call Canine Familiar     Summ           7%         N/A       30%         3
 Lesser Beckoning         Tloc           7%         N/A       30%         3
 Summon Guardian Golem    Hex/Summ       7%         N/A       30%         3
 Hailstorm                Conj/Ice       15%        3d5       30%         4
 Manifold Assault         Tloc           7%         N/A       95%         5


Dungeon Overview and Level Annotations

Branches:
Dungeon (3/15)

Altars:
Kikubaaqudgha
Ru
Lugonu

Portals:
Abyss: D:1

Annotations:
D:1 2 runed translucent doors


Innate Abilities, Weirdness & Mutations

You have very sharp teeth.
Your uncanny sense of smell can sniff out nearby items.
Your experience applies equally to all skills.


Message History

Really walk into a travel-excluded area?
Okay, then.
There is a stone staircase leading down here.
Found a stone staircase leading down.
There is a stone staircase leading down here.
Found a book of Callings.
You pick up a book of Callings and begin reading...
You add the spells Summon Small Mammal, Call Canine Familiar and Summon Guardian Golem to your library.
There is a stone staircase leading down here.
You see here 5 stones.
As you open the door, it creaks loudly!
An orc comes into view. It is wielding a +0 hand axe.
The orc shouts!
You freeze the orc.
The orc is almost dead.
The orc misses you.
You freeze the orc.
The orc is almost dead.
The orc completely misses you.
You freeze the orc.
You kill the orc!
There is an open door here.
Things that are here:
a +0 hand axe; an orc corpse Magic restored.
Found 2 stones.
There is a stone staircase leading down here.
Partly explored, can't reach some items and places.
Really walk into a travel-excluded area?
Okay, then.
Press: ? - help, v - describe, . - travel The floor.
Really walk into a travel-excluded area?
Really walk into that cloud of flame?
Okay, then.
You are engulfed in blazing flames.
Ouch! That really hurt!
You are engulfed in blazing flames.
Ouch! That really hurt!
You die...

#.# #.##.# #.# #.##..
#############.# #.#...
#.............# #...#.
#.######.####.# ###...
#.# #...# ### ##...
#.# #§..# ##.... #.#
#.○§# ##..... #.#
#.§§# #......
#.#####...######......
#..§§@.)...§...#.#....
#..§§§.!.?..§§........
##.○○☼./!(.§§§....P...
######...#####...##)#
.☼§# #...#..# §§§#
#...#).# ∆.§# #...####
..# #.....P. #.......
#....... ###.##..


There were no monsters in sight!

Vanquished Creatures
  A jelly (D:3)
  An orc wizard (D:2)
  4 adders
  3 worms
  A dart slug (D:1)
  5 orcs
  6 endoplasms
  2 giant cockroaches
  6 goblins
  4 hobgoblins
  A quokka (D:2)
  6 ball pythons
  4 bats
  A frilled lizard (D:3)
  8 kobolds
  5 rats
58 creatures vanquished.

Notes
Turn   | Place    | Note
-------+----------+-------------------------------------------
     0 | D:1      | om the Gnoll Ice Elementalist began the quest for the Orb.
     0 | D:1      | Reached XP level 1. HP: 13/13 MP: 6/6
    83 | D:1      | Found a large runed translucent door.
    83 | D:1      | Found a large runed translucent door.
    83 | D:1      | Found a corrupted altar of Lugonu.
    83 | D:1      | Noticed a crimson imp
    84 | D:1      | Noticed a quasit
    84 | D:1      | Noticed an iron imp
    85 | D:1      | Found a one-way gate to the infinite horrors of the Abyss.
    85 | D:1      | Noticed a quasit
    85 | D:1      | Noticed an iron imp
   106 | D:1      | Noticed a crimson imp
   107 | D:1      | Noticed an iron imp
   108 | D:1      | Noticed an iron imp
   189 | D:1      | Reached XP level 2. HP: 16/19 MP: 5/7
  1117 | D:1      | Reached skill level 5 in Spellcasting
  1117 | D:1      | Reached XP level 3. HP: 25/25 MP: 5/9
  1227 | D:1      | Found a faded altar of an unknown god.
  1434 | D:2      | Reached skill level 1 in Invocations
  1438 | D:2      | Learned a level 3 spell: Frozen Ramparts
  1442 | D:2      | Learned a level 3 spell: Ozocubu's Armour
  1459 | D:2      | Reached skill level 1 in Fighting
  1459 | D:2      | Reached skill level 1 in Short Blades
  1459 | D:2      | Reached skill level 1 in Long Blades
  1459 | D:2      | Reached skill level 1 in Axes
  1459 | D:2      | Reached skill level 1 in Maces & Flails
  1459 | D:2      | Reached skill level 1 in Polearms
  1459 | D:2      | Reached skill level 1 in Staves
  1459 | D:2      | Reached skill level 1 in Ranged Weapons
  1459 | D:2      | Reached skill level 1 in Throwing
  1459 | D:2      | Reached skill level 1 in Armour
  1459 | D:2      | Reached skill level 1 in Shields
  1459 | D:2      | Reached skill level 1 in Unarmed Combat
  1459 | D:2      | Reached skill level 1 in Evocations
  1459 | D:2      | Reached XP level 4. HP: 30/32 MP: 1/11
  1463 | D:2      | Reached skill level 1 in Conjurations
  1463 | D:2      | Reached skill level 1 in Hexes
  1463 | D:2      | Reached skill level 1 in Summonings
  1463 | D:2      | Reached skill level 1 in Necromancy
  1463 | D:2      | Reached skill level 1 in Translocations
  1463 | D:2      | Reached skill level 1 in Transmutations
  1463 | D:2      | Reached skill level 1 in Fire Magic
  1463 | D:2      | Reached skill level 1 in Air Magic
  1463 | D:2      | Reached skill level 1 in Earth Magic
  1463 | D:2      | Reached skill level 1 in Poison Magic
  2560 | D:3      | Found a sacrificial altar of Ru.
  2656 | D:3      | Reached XP level 5. HP: 34/37 MP: 8/12
  2799 | D:3      | Found an ancient bone altar of Kikubaaqudgha.
  3469 | D:3      | Engulfed by a cloud of flame

Illustrated notes

Levels and vault maps discovered:
D:1:      erik_arrival_cave_to_civilisation [erik_arrival_cave_to_temple],
          layout_basic, shapermc_ecumenical_altar_mp_vishouse, bh_walls_and_bars
D:2:      layout_rooms, chequers_serial_rivers_small_a, minmay_crystal_room
D:3:      layout_loops_ring, nicolae_ru_sacrificial_ziggurat,
          nicolae_kikubaaqudgha_miasma_corner, kennysheep_decorative_pillar,
          corexii_shack, dreamdust_princess_bridge, lemuel_flame_loot_1

Skill      XL: |  1  2  3  4 |
---------------+-------------+-----
Spellcasting   | 5 |  5.2
Invocations    | 1 |  1.8
Fighting       | 1 |  1.6
Short Blades   | 1 |  1.6
Long Blades    | 1 |  1.6
Axes           | 1 |  1.6
Maces & Flails | 1 |  1.6
Polearms       | 1 |  1.6
Staves         | 1 |  1.6
Ranged Weapons | 1 |  1.6
Throwing       | 1 |  1.6
Armour         | 1 |  1.6
Shields        | 1 |  1.6
Unarmed Combat | 1 |  1.6
Evocations     | 1 |  1.6
Conjurations   | 1 |  1.2
Hexes          | 1 |  1.2
Summonings     | 1 |  1.2
Necromancy     | 1 |  1.2
Translocations | 1 |  1.2
Transmutations | 1 |  1.2
Fire Magic     | 1 |  1.2
Air Magic      | 1 |  1.2
Earth Magic    | 1 |  1.2
Poison Magic   | 1 |  1.2
Dodging        | |  4.8
Stealth        | |  4.4
Ice Magic      | |  7.2

Action                   |  1- 3 |  4- 6 || total
-------------------------+-------+-------++-------
Melee: Club              |     1 |       ||     1
       Unarmed           |     1 |       ||     1
       Short sword       |    11 |       ||    11
       Punch             |     1 |       ||     1
       Dagger            |     1 |    22 ||    23
       Bite              |     1 |     1 ||     2
 Cast: Freeze            |    27 |    37 ||    64
       Ozocubu's Armour  |     1 |       ||     1
       Frozen Ramparts   |     1 |       ||     1
  Use: Scroll            |       |     1 ||     1
 Stab: Sleeping          |     1 |     3 ||     4
Armor: Robe              |     6 |     5 ||    11
Dodge: Dodged            |    22 |    26 ||    48

Table legend: (Time is in decaauts)
 A = Elapsed time spent in this place.
 B = Non-inter-level travel time spent in this place.
 C = Inter-level travel time spent in this place.
 D = Time resting spent in this place.
 E = Time spent auto-exploring this place.
 F = Levels seen in this place.
 G = Mean time per level.
                   A        B        C        D        E       F      G
               +--------+--------+--------+--------+--------+-----+--------+
         Total |   3470 |   3372 |     98 |    602 |   2304 |   3 | 1156.7 |
       Dungeon |   3470 |   3372 |     98 |    602 |   2304 |   3 | 1156.7 |
               +--------+--------+--------+--------+--------+-----+--------+

Top non-repeatable levels by time:
     D:1: 1408 daAuts
     D:3: 1198 daAuts
     D:2: 862 daAuts
